 Dungeon Crawl Stone Soup version 0.31-a0-859-g9dce7d3444 (webtiles) character file.

Game seed: 17575729608741374069

210 Maratek the Poker (level 5, 0/42 HPs)
             Began as a Merfolk Fighter on Oct 9, 2023.
             Succumbed to a kobold brigand's poison
             ... on level 3 of the Dungeon.
             The game lasted 00:03:44 (2443 turns).

Maratek the Poker (Merfolk Fighter)                 Turns: 2443, Time: 00:03:45

Health: 0/42       AC: 12    Str: 15 (18) XL:     5   Next: 88%
Magic:  5/5        EV:  4    Int:  6 (8)  God:
Gold:   165        SH:  4    Dex: 12 (13) Spells: 4/4 levels left

rFire   . . .        a - +0 trident
rCold   . . .        c - +0 buckler
rNeg    . . .        s - +0 plate armour
rPois   +            (no helmet)
rElec   .            p - +0 cloak
rCorr   .            (no gloves)
SInv    .            (no boots)
Will    .....        (no amulet) Stlth
                     i - ring of poison resistance
HPRegen 0.27/turn    (no ring)
MPRegen 0.09/turn

%: no passive effects
@: lethally poisoned (0 -> -19)
A: (nimble swimmer 2), mertail
a: no special abilities


You were on level 3 of the Dungeon.
You visited 1 branch of the dungeon, and saw 3 of its levels.

You collected 165 gold pieces.

Inventory:

Hand Weapons
 a - a +0 trident (weapon)
Armour
 c - a +0 buckler (worn)
 p - a +0 cloak (worn)
 s - a +0 plate armour (worn)
Jewellery
 i - a ring of poison resistance (left hand)
 r - a ring of flight
Scrolls
 e - 2 scrolls of enchant weapon {unknown}
 f - 4 scrolls of identify {unknown}
 g - 2 scrolls of enchant armour {unknown}
 h - a scroll of noise {unknown}
 k - 2 scrolls of immolation {unknown}
 l - a scroll of revelation {unknown}
 m - a scroll of teleportation {unknown}
 o - a scroll of brand weapon {unknown}
Potions
 b - a potion of enlightenment {unknown}
 d - a potion of might
 j - 2 potions of degeneration
 n - a potion of heal wounds {unknown}
 q - a potion of cancellation {unknown}


   Skills:
 + Level 3.9 Fighting
 + Level 5.5 Polearms
 + Level 3.0 Armour
 + Level 1.3 Dodging
 + Level 0.2 Stealth
 + Level 3.5 Shields


You had 4 spell levels left.
You didn't know any spells.
Your spell library contained the following spells:

 Spells                   Type           Power      Damage    Failure   Level
 Apportation              Tloc           0%         N/A       100%        1
 Necrotise                Necr           0%         1d4       100%        1
 Summon Small Mammal      Summ           0%         N/A       100%        1


Dungeon Overview and Level Annotations

Branches:
Dungeon (3/15)

Altars:

Annotations:
D:1 1 runed translucent door
D:2 1 runed translucent door, Crazy Yiuf


Innate Abilities, Weirdness & Mutations

((You are very nimble when in or above water. (Stealth+, EV+, Speed+++)))
Your lower body shifts to a powerful aquatic tail in water.


Message History

The kobold brigand is lightly wounded.
You feel sick.
You are no longer poisoned.
The kobold brigand barely misses you.
You hit the kobold brigand.
The kobold brigand is lightly wounded.
The kobold brigand hits you with a +2 dagger of venom.
You are too injured to fight recklessly!
You are too injured to fight recklessly!
You are too injured to fight recklessly!
You are too injured to fight recklessly!
You hit the kobold brigand but do no damage.
The kobold brigand is lightly wounded.
The kobold brigand hits you with a +2 dagger of venom.
You are poisoned.
You miss the kobold brigand.
The kobold brigand is lightly wounded.
You feel very sick.
The kobold brigand hits you with a +2 dagger of venom.
You hit the kobold brigand.
The kobold brigand is moderately wounded.
You feel very sick. You block the kobold brigand's attack.
The kobold brigand hits you but does no damage.
You hit the kobold brigand.
The kobold brigand is heavily wounded.
You feel sick.
The kobold brigand hits you but does no damage.
You are lethally poisoned!
You hit the kobold brigand.
The kobold brigand is severely wounded.
* * * LOW HITPOINT WARNING * * *
You feel very sick.
The kobold brigand hits you with a +2 dagger of venom.
* * * LOW HITPOINT WARNING * * *
You are more poisoned.
It was a potion of degeneration.
There was something very wrong with that liquid.
You feel weakened.
You feel dopey.
You feel clumsy.
You die...

.####..##.#.#.#~# ###..#.# #.#
.## #.........#~#..#......# #.#
..###.........###. #~#..#######.#
...............#..##~#...........
......#.......##..#~~#######.##.#
)..####......##..##~~## #.....
...####.#.#####..#≈~~~# ####..
..........# #K)#≈≈~~# ###
##.####.### #)@#≈~~~# ###
#......# #.)##~~## ##.## #..#####
##..#~~# ##.#.## #..## #).#~##
##.###.# ##...# #).### #.## ##.
.....# #..# ##.###.# ####.# #..#
##.#.## ####.## #.## ##.##
......# #.# ##.#


You could see a kobold brigand.

Vanquished Creatures
  A kobold brigand (D:3)
  Terence (D:2)
  5 adders
  2 worms
  2 dart slugs
  5 ball pythons (D:2)
  8 bats
  4 endoplasms
  2 giant cockroaches
  3 goblins
  6 hobgoblins
  2 jackals (D:2)
  4 frilled lizards
  15 kobolds
  8 rats
68 creatures vanquished.

Notes
Turn   | Place    | Note
-------+----------+-------------------------------------------
     0 | D:1      | Maratek the Merfolk Fighter began the quest for the Orb.
     0 | D:1      | Reached XP level 1. HP: 18/18 MP: 1/1
     1 | D:1      | Found a runed translucent door.
   193 | D:1      | Reached XP level 2. HP: 24/24 MP: 2/2
   434 | D:1      | Reached skill level 3 in Polearms
   489 | D:1      | Reached XP level 3. HP: 30/30 MP: 3/3
   992 | D:2      | Noticed Terence
  1004 | D:2      | Killed Terence
  1005 | D:2      | Reached skill level 4 in Polearms
  1005 | D:2      | Reached XP level 4. HP: 33/37 MP: 4/4
  1279 | D:2      | Found a faded altar of an unknown god.
  1335 | D:2      | Found a runed translucent door.
  1336 | D:2      | Noticed Crazy Yiuf
  1878 | D:3      | Reached XP level 5. HP: 36/42 MP: 5/5
  1882 | D:3      | Reached skill level 1 in Dodging
  2013 | D:3      | Noticed a kobold brigand
  2013 | D:3      | Noticed a kobold brigand
  2405 | D:3      | Killed a kobold brigand
  2406 | D:3      | Reached skill level 5 in Polearms
  2443 | D:3      | Succumbed to a kobold brigand's poison

Illustrated notes

Levels and vault maps discovered:
D:1:      dpeg_arrival_caged_fury, layout_loops_ring
D:2:      minmay_general_purpose_star, layout_rooms, serial_aquarium,
          aquarium_bridge_long_joined [aquarium_subvault_balcony,
          aquarium_subvault_window, aquarium_subvault_wall,
          aquarium_subvault_window, aquarium_subvault_wall,
          aquarium_subvault_bridge], aquarium_bridge_square
          [aquarium_subvault_window, aquarium_subvault_wall,
          aquarium_subvault_wall, aquarium_subvault_bridge],
          aquarium_window_corner, aquarium_window_fake, aquarium_window_1,
          aquarium_window_corner, aquarium_view_2c, aquarium_view_2f,
          aquarium_pool_2, nicolae_ecumenical_oubliette,
          uniq_crazy_yiuf_cottage, uniq_terence
D:3:      cheibrodos_thug_alley, layout_loops_ring

Skill      XL: |  1  2  3  4  5 |
---------------+----------------+-----
Polearms       | 3 4 5 |  5.5
Dodging        | 1 |  1.3
Armour         | 3 |  3.0
Fighting       | |  3.9
Stealth        | |  0.2
Shields        | |  3.5

Action                     |  1- 3 |  4- 6 || total
---------------------------+-------+-------++-------
  Melee: Trident           |   112 |   141 ||   253
    Use: Potion            |       |     1 ||     1
 Armour: Scale mail        |    55 |    33 ||    88
         Plate armour      |       |    49 ||    49
  Dodge: Dodged            |    27 |    42 ||    69
  Block: Buckler           |    20 |    31 ||    51

Table legend: (Time is in decaauts)
 A = Elapsed time spent in this place.
 B = Non-inter-level travel time spent in this place.
 C = Inter-level travel time spent in this place.
 D = Time resting spent in this place.
 E = Time spent auto-exploring this place.
 F = Levels seen in this place.
 G = Mean time per level.
                   A        B        C        D        E       F      G
               +--------+--------+--------+--------+--------+-----+--------+
         Total |   2469 |   2428 |     41 |      0 |   1925 |   3 |  823.0 |
       Dungeon |   2469 |   2428 |     41 |      0 |   1925 |   3 |  823.0 |
               +--------+--------+--------+--------+--------+-----+--------+

Top non-repeatable levels by time:
     D:2: 982 daAuts
     D:3: 783 daAuts
     D:1: 703 daAuts
